 Dungeon Crawl Stone Soup version 0.29-a0-330-g52719c12eb (webtiles) character file.

Game seed: 11932783359840215210

14 Flugslaktarn the Stinger (level 2, -3/19 HPs)
             Began as a Human Venom Mage on Apr 12, 2022.
             Was a Follower of Vehumet.
             Killed from afar by a dart slug (4 damage)
             ... with a slug dart
             ... on level 3 of the Dungeon.
             The game lasted 00:01:46 (324 turns).

Flugslaktarn the Stinger (Human Venom Mage)          Turns: 324, Time: 00:01:47

Health: -3/19      AC:  2    Str:  8    XL:     2   Next: 60%
Magic:  4/5        EV: 12    Int: 15    God:    Vehumet [*.....]
Gold:   35         SH:  0    Dex: 13    Spells: 3/5 levels left

rFire   . . .      SeeInvis .   (no weapon)
rCold   . . .      Faith    .   (no shield)
rNeg    . . .      Spirit   .   a - +0 robe
rPois   .          Reflect  .   (no helmet)
rElec   .          Harm     .   (no cloak)
rCorr   .          Rampage  .   (no gloves)
Will    .....                   (no boots)
Stlth   ++........              (no amulet)
HPRegen 0.06/turn               (no ring)
MPRegen 0.09/turn               (no ring)

@: no status effects
A: no striking features
a: Renounce Religion


You were on level 3 of the Dungeon.
You worshipped Vehumet.
Vehumet was aware of your devotion.
You visited 1 branch of the dungeon, and saw 3 of its levels.

You collected 35 gold pieces.

Inventory:

Armour
 a - a +0 robe (worn)
Scrolls
 e - a scroll of brand weapon {unknown}
Potions
 b - a potion of magic
 c - a potion of invisibility {unknown}
 d - a potion of berserk rage {unknown}
 f - a potion of brilliance {unknown}
 g - a potion of heal wounds {unknown}


   Skills:
 - Level 2.0 Dodging
 - Level 2.0 Stealth
 + Level 2.2 Spellcasting
 + Level 0.2 Conjurations
 - Level 2.0 Transmutations
 + Level 0.2 Fire Magic
 - Level 3.0 Poison Magic


You had 3 spell levels left.
You knew the following spells:

 Your Spells              Type           Power      Damage    Failure   Level
a - Sting                 Tmut/Pois      36%        1d4       8%          1
b - Foxfire               Conj/Fire      8%         2x1d4     21%         1

Your spell library contained the following spells:

 Spells                   Type           Power      Damage    Failure   Level
 Wereblood                Tmut           7%         N/A       14%         2
 Poisonous Vapours        Pois/Air       12%        N/A       19%         2
 Sublimation of Blood     Necr           1%         N/A       32%         2
 Mephitic Cloud           Conj/Pois/Air  4%         N/A       38%         3
 Olgreb's Toxic Radiance  Pois           10%        N/A       54%         4
 Summon Hydra             Summ           0%         N/A       100%        7


Dungeon Overview and Level Annotations

Branches:
Dungeon (3/15)

Altars:
Vehumet


Message History

Confirm with . or Enter, or press ? or * to list all spells.
You can't see any susceptible monsters within range! (Use Z to cast anyway.)
A dart slug comes into view.
The endoplasm quivers.
Casting: Sting (safe; 8% risk of failure)
Confirm with . or Enter, or press ? or * to list all spells.
Aiming: Sting (safe; 8% risk of failure)
Press: ? - help, Shift-Dir - straight line, f - endoplasm
Aim: an endoplasm (97% to hit)
The sting hits the endoplasm.
The endoplasm is poisoned.
The endoplasm is lightly wounded.
The bat attacks as you move away! The bat hits you. x2
The endoplasm jiggles.
The bat closely misses you. The bat barely misses you.
The endoplasm jiggles.
The bat closely misses you.
There is a stone staircase leading up here.
The endoplasm looks more healthy.
The endoplasm barely misses you.
You climb upwards.
There is a stone staircase leading down here.
An endoplasm is nearby!
Unknown command.
Casting: Sting (safe; 8% risk of failure)
Confirm with . or Enter, or press ? or * to list all spells.
You conjure some foxfire!
The endoplasm freezes you.
You are frozen.
The endoplasm attacks as you move away!
The endoplasm hits you but does no damage.
The foxfire hits the endoplasm.
You kill the endoplasm!
Vehumet accepts your kill.
You feel your power returning.
Unknown command.
There is a stone staircase leading down here.
Your foxfire dissipates!
You climb downwards.
You hear the sound of rushing water.
There is an entrance to a sewer on this level.
Hurry and find it before the portal rusts away!
The bat misses you. The bat barely misses you.
There is a stone staircase leading up here.
Casting: Foxfire (safe; 22% risk of failure)
Confirm with . or Enter, or press ? or * to list all spells.
You conjure some foxfire!
The bat closely misses you.
Your foxfire dissipates!
The foxfire hits the bat.
The bat is moderately wounded.
The bat closely misses you.
Unknown command.
Casting: Foxfire (safe; 22% risk of failure)
Confirm with . or Enter, or press ? or * to list all spells.
Aiming: Sting (safe; 8% risk of failure)
Press: ? - help, Shift-Dir - straight line, f - bat
Aim: a bat (moderately wounded, 52% to hit)
The sting hits the bat but does no damage.
The bat is poisoned.
The bat is moderately wounded.
The bat barely misses you.
You kill the bat!
Vehumet accepts your kill.
You feel your power returning.
A ball python comes into view.
You see here 11 gold pieces.
You now have 35 gold pieces (gained 11).
Found a scroll labelled WEIKIOG SOUSS.
There is a stone staircase leading up here.
The dart slug launches a dart at you. The slug dart hits you.
You climb upwards.
There is a stone staircase leading down here.
You climb downwards.
You hear the sound of rushing water.
There is an entrance to a sewer on this level.
Hurry and find it before the portal rusts away!
The ball python closely misses you. The ball python grabs you.
The ball python constricts you.
The ball python bites you but does no damage.
The ball python constricts you. The dart slug launches a dart at you.
The slug dart hits you.
There is a stone staircase leading up, spattered with blood here.
Casting: Sting (safe; 8% risk of failure)
Confirm with . or Enter, or press ? or * to list all spells.
You conjure some foxfire!
The ball python bites you.
* * * LOW HITPOINT WARNING * * *
The ball python constricts you.
* * * LOW HITPOINT WARNING * * *
You escape the ball python's grasp.
The foxfire hits the ball python.
You kill the ball python!
Vehumet accepts your kill.
You feel your power returning. The dart slug launches a dart at you.
The slug dart hits you.
* * * LOW HITPOINT WARNING * * *
Unknown command.
The foxfire hits the dart slug.
The dart slug is lightly wounded.
The dart slug launches a dart at you. The slug dart hits you.
You die...

...# ..# # # ###.#
..#.#.#.############
...#........#.....#
#..?#...<.........
#...#....†........
#...............
#.#..†@.........
####.............
#...†§...........
..<.##.§§..........
.## ##§....#.....#
#.§.######### #...#
...w. ####.#


You could see a dart slug.

Vanquished Creatures
  2 endoplasms (D:2)
  2 giant cockroaches (D:2)
  A goblin (D:1)
  4 ball pythons
  A bat (D:3)
  A frilled lizard (D:1)
  A kobold (D:1)
  2 rats
14 creatures vanquished.

Vanquished Creatures (others)
  5 foxfires
5 creatures vanquished.

Grand Total: 19 creatures vanquished

Notes
Turn   | Place    | Note
-------+----------+-------------------------------------------
     0 | D:1      | Flugslaktarn the Human Venom Mage began the quest for the
                  | Orb.
     0 | D:1      | Reached XP level 1. HP: 13/13 MP: 3/3
   182 | D:1      | Found a faded altar of an unknown god.
   198 | D:1      | Prayed at the altar of an unknown god.
   198 | D:1      | Became a worshipper of Vehumet
   198 | D:1      | Reached * piety under Vehumet
   198 | D:1      | Offered knowledge of Foxfire by Vehumet.
   222 | D:2      | Reached XP level 2. HP: 19/19 MP: 3/5
   278 | D:2      | Learned a level 1 spell: Foxfire
   324 | D:3      | Killed from afar by a dart slug

Illustrated notes

Levels and vault maps discovered:
D:1:      dpeg_arrival_erosion, layout_basic, ebering_ecumenical_altar_box
D:2:      layout_loops_ring, minivault_26
D:3:      layout_rooms, vehumet_altar_wand_db, cheibrodos_sewer_entry_drain,
          hangedman_glass_teeth, minmay_misc_feat_alley, uniq_jessica

Skill      XL: |  1  2 |
---------------+-------+-----
Transmutations | 2 |  2.0
Dodging        | |  2.0
Stealth        | |  2.0
Spellcasting   | |  2.2
Conjurations   | |  0.2
Fire Magic     | |  0.2
Poison Magic   | |  3.0

Action                   || total
-------------------------++-------
Melee: Unarmed           ||     6
 Cast: Sting             ||    19
       Foxfire           ||     3
Armor: Robe              ||     5
Dodge: Dodged            ||    20

Table legend: (Time is in decaauts)
 A = Elapsed time spent in this place.
 B = Non-inter-level travel time spent in this place.
 C = Inter-level travel time spent in this place.
 D = Time resting spent in this place.
 E = Time spent auto-exploring this place.
 F = Levels seen in this place.
 G = Mean time per level.
                   A        B        C        D        E       F      G
               +--------+--------+--------+--------+--------+-----+--------+
         Total |    325 |    325 |      0 |      0 |      0 |   3 |  108.3 |
       Dungeon |    325 |    325 |      0 |      0 |      0 |   3 |  108.3 |
               +--------+--------+--------+--------+--------+-----+--------+

Top non-repeatable levels by time:
     D:1: 210 daAuts
     D:2: 89 daAuts
     D:3: 25 daAuts
